Map: Submarine LE

Players

NYK

  • Race: Zerg Zerg
  • League: Grandmaster
  • Spawn Location: 11:00

Jason - Winner!

  • Race: Terran Terran
  • League: Grandmaster
  • Spawn Location: 5:00

Event: The Miserable Cup

VOD

Have the link to the VOD?

Description

Time

  • Played on: June 19, 2020, 10:36 a.m.
  • Length: 10:20

All games in this series

Show
View Real Time Build Order
Export as new Build Order

NYK Zerg 

Build Orders: Hatch First 

Get SALT Encoding   

  12  0:00  Drone  
  13  0:12  Overlord  
  13  0:23  Drone  
  14  0:32  Drone x2  
  16  0:48  Hatchery  
  15  0:51  Drone  
  15  0:56  Drone  
  17  0:59  Drone  
  18  1:10  Extractor  
  17  1:14  Spawning Pool  
  17  1:16  Drone  
  17  1:19  Drone  
  18  1:28  Drone  
  19  1:39  Drone  
  20  1:51  Drone  
  21  2:01  Queen x2  
  21  2:02  Zergling x4  
  27  2:15  Hatchery  
  27  2:18  Overlord  
  26  2:25  Metabolic Boost  
  26  2:42  Queen  
  28  2:49  Drone x6  
  34  3:00  Overlord  
  34  3:10  Drone  
  35  3:21  Queen  
  35  3:22  Queen  
  35  3:26  Overlord  
  39  3:27  Drone x5  
  39  3:32  Queen  
  46  3:36  Overlord  
  46  3:45  Overlord  
  46  3:47  Drone x2  
  48  3:48  Drone  
  48  3:50  Zergling x4  
  51  3:57  Zergling x2  
  51  3:58  Zergling x6  
  55  4:02  Overlord  
  55  4:07  Spore Crawler  
  55  4:09  Spore Crawler  
  53  4:14  Baneling Nest  
  53  4:15  Drone x3  
  53  4:16  Drone  
  57  4:24  Drone x4  
  57  4:30  Overlord  
  60  4:38  Zergling x4  
  62  4:40  Drone x5  
  67  5:03  Drone x10  
  69  5:19  Drone  
  69  5:20  Drone x6  
  76  5:23  Lair  
  76  5:24  Queen  
  76  5:27  Extractor  
  76  5:28  Extractor  
  76  5:35  Queen  
  76  5:41  Evolution Chamber  
  76  5:42  Evolution Chamber  
  76  5:46  Overlord, Drone  
  76  5:47  Spore Crawler, Drone x5  
  81  5:52  Zergling x2, Overlord  
  82  6:02  Extractor x2  
  80  6:09  Drone x2  
  80  6:10  Zerg Melee Weapons Level 1  
  80  6:11  Zergling x16, Zerg Ground Armor Level 1  
  90  6:20  Overseer  
  90  6:27  Hatchery, Overlord, Centrifical Hooks  
  90  6:28  Overlord  
  90  6:31  Zergling x12  
  95  6:40  Overlord x2  
  95  6:42  Drone x3  
  97  6:48  Zergling x6  
  100  6:55  Zergling x10  
  100  7:00  Baneling  
  98  7:10  Zergling x8  
  98  7:12  Queen x3  
  101  7:15  Hydralisk Den  
  101  7:17  Baneling x5  
  101  7:19  Zergling x6  
  102  7:24  Zergling x18  
  104  7:40  Zergling x10  
  96  7:51  Drone x4  
  98  7:56  Extractor  
  98  7:57  Hydralisk x4  
  105  7:59  Baneling x8  
  105  8:00  Baneling x7  
  105  8:02  Hatchery  
  105  8:03  Drone x3  
  105  8:04  Queen  
  109  8:16  Drone x2  
  109  8:17  Drone x3  
  114  8:21  Overlord  
  114  8:22  Overlord  
  114  8:23  Hydralisk x2  
  118  8:32  Zergling x16  
  126  8:40  Baneling x5  
  126  8:41  Baneling x9  
  126  8:43  Zergling x6  
  126  8:44  Zergling x4  
  131  8:49  Overseer x2  
  129  9:01  Zergling x14  
  129  9:02  Zergling x4  
  133  9:03  Baneling x6  
  133  9:04  Baneling  
  133  9:05  Overlord  
  133  9:09  Drone  
  134  9:16  Infestation Pit  
  129  9:18  Drone x3  
  129  9:20  Zergling x16  
  140  9:32  Extractor  
  140  9:33  Zergling x10  
  144  9:42  Zergling x2  
  144  9:43  Zergling x14  
  127  9:57  Zergling x14  
Show
View Real Time Build Order
Export as new Build Order

Jason Terran - Winner!

Build Orders: Liberator Opening, Reaper Expand 

Get SALT Encoding   

  12  0:00  SCV  
  13  0:13  SCV  
  14  0:17  Supply Depot  
  14  0:25  SCV  
  15  0:38  SCV  
  15  0:41  Barracks  
  16  0:44  Refinery  
  16  0:50  SCV  
  17  1:02  SCV  
  18  1:15  SCV  
  19  1:28  Orbital Command  
  19  1:30  Reaper  
  20  1:40  Command Center  
  20  1:49  Supply Depot  
  20  1:54  SCV  
  21  2:02  Marine  
  21  2:08  SCV  
  23  2:12  Factory  
  23  2:18  Refinery  
  23  2:20  SCV  
  23  2:21  Barracks Reactor  
  24  2:32  SCV  
  25  2:44  SCV  
  26  2:52  Orbital Command  
  26  2:57  Starport  
  26  2:59  SCV  
  26  3:04  Hellion  
  26  3:05  Hellion, Barracks Tech Lab  
  31  3:11  SCV  
  31  3:12  Supply Depot  
  31  3:20  SCV  
  31  3:25  Marine  
  31  3:26  Hellion x2  
  37  3:29  SCV  
  37  3:32  SCV  
  39  3:35  Supply Depot  
  39  3:37  Liberator  
  42  3:42  SCV  
  42  3:44  SCV  
  42  3:45  Stimpack  
  44  3:54  SCV, Hellion  
  44  3:55  Hellion  
  49  3:59  SCV  
  50  4:06  SCV  
  51  4:14  Command Center  
  51  4:17  SCV  
  51  4:18  SCV  
  51  4:21  Supply Depot  
  53  4:29  SCV  
  54  4:36  Factory Tech Lab  
  54  4:37  Starport Reactor  
  54  4:40  Barracks  
  54  4:41  Barracks  
  54  4:43  SCV x2  
  56  4:54  Engineering Bay  
  56  4:55  Engineering Bay  
  56  4:56  SCV x2, Refinery  
  56  4:57  Refinery  
  56  4:58  Marine  
  59  5:06  Siege Tank  
  62  5:14  SCV x2  
  52  5:15  Marine  
  50  5:26  SCV x2, Starport Reactor, Terran Infantry Weapons Level 1, Terran Infantry Armor Level 1  
  50  5:27  Combat Shield  
  52  5:30  Orbital Command  
  52  5:33  Marine  
  52  5:34  Marine x4  
  57  5:40  Siege Tank  
  57  5:41  SCV  
  61  5:43  SCV  
  62  5:51  Marine  
  62  5:52  Barracks x2  
  62  5:54  SCV, Orbital Command  
  62  5:55  SCV  
  62  5:56  Marine  
  66  5:58  Marine x2  
  66  6:02  Marine  
  69  6:05  Supply Depot  
  69  6:07  Medivac x2  
  69  6:09  SCV  
  69  6:10  SCV  
  75  6:16  Marine x2  
  75  6:17  Marine x2  
  79  6:20  Siege Tank  
  79  6:21  SCV  
  83  6:27  SCV x2, Supply Depot  
  83  6:31  Supply Depot  
  85  6:33  Armory  
  85  6:35  Marine x2  
  85  6:37  Marine x2  
  85  6:39  Marine  
  91  6:41  Barracks Reactor x2  
  91  6:43  Supply Depot  
  91  6:44  SCV  
  91  6:45  SCV  
  91  6:46  SCV  
  93  6:54  Widow Mine  
  95  6:56  SCV  
  95  6:57  SCV, Supply Depot, Factory  
  95  6:58  SCV  
  95  7:00  Marine x2  
  95  7:01  Marine  
  101  7:09  Marine x2  
  101  7:15  Siege Tank  
  104  7:17  Marine x3  
  104  7:19  SCV x2  
  109  7:24  Barracks  
  109  7:25  Barracks, Terran Infantry Weapons Level 2  
  109  7:27  Barracks  
  109  7:31  Terran Infantry Armor Level 2  
  105  7:41  Marine x3  
  105  7:42  Marine x2  
  105  7:43  Marine x2  
  100  7:47  Marine x2, Siege Tank  
  100  7:49  SCV x2  
  100  7:50  SCV  
  103  7:53  Supply Depot  
  103  7:55  Medivac  
  103  7:57  Medivac  
  106  7:58  Marine  
  106  8:01  SCV, Factory Reactor  
  106  8:04  SCV x2, Supply Depot  
  110  8:11  Marine x5  
  115  8:14  Marine x2  
  117  8:20  Sensor Tower  
  117  8:23  Terran Vehicle Weapons Level 1  
  117  8:24  Barracks Tech Lab x3  
  117  8:26  Marine  
  117  8:27  Supply Depot  
  118  8:28  Widow Mine  
  118  8:31  Marine  
  118  8:32  Marine  
  118  8:34  Marine  
  122  8:35  Marine  
  122  8:40  Marauder  
  126  8:44  Marine x2  
  126  8:45  Marauder x2  
  126  8:46  Widow Mine  
  126  8:48  Widow Mine  
  136  8:50  Widow Mine  
  125  9:03  Marine x7  
  125  9:04  Marine x3  
  125  9:06  Marauder  
  137  9:12  Command Center  
  136  9:18  Marauder  
  136  9:20  Marine x2  
  136  9:21  Marine, Widow Mine x2  
  136  9:22  Marauder  
  136  9:24  Supply Depot  
  145  9:39  Marine x2  
  145  9:40  Marauder  
  145  9:45  Marauder x3, Marine x2  
  157  9:46  Marine  
  157  9:57  Supply Depot  
  157  9:59  Marine x4  
  157  10:00  Supply Depot, Marine  
Tags
 
Add a new tag
Caveats
  • Supply blocks, unpowered buildings, or Contaminate may cause inaccurate times.
  • Supply counts are checked every 10 seconds.